 Dungeon Crawl Stone Soup version 0.24-a0-184-gcb5ae2c (webtiles) character file.

Game seed: 9458829552712910608

1375 Dfrag the Firebug (level 8, -5/54 HPs)
             Began as a Demonspawn Fire Elementalist on Mar 15, 2019.
             Was a Priest of Vehumet.
             Slain by a gnoll sergeant
             ... wielding a +0 trident
              (18 damage)
             ... on level 5 of the Dungeon.
             The game lasted 00:10:29 (4394 turns).

Dfrag the Firebug (Demonspawn Fire Elementalist)    Turns: 4394, Time: 00:10:29

Health: -5/54      AC:  5    Str:  9    XL:     8   Next: 39%
Magic:  0/16       EV: 12    Int: 19    God:    Vehumet [***...]
Gold:   106        SH:  0    Dex: 15    Spells: 2/18 levels left

rFire    . . .     SeeInvis .   G - +4 halberd (curse)
rCold    . . .     Gourm    .   (shield currently unavailable)
rNeg     . . .     Faith    .   a - +0 robe
rPois    +         Spirit   .   y - +0 helmet
rElec    .         Reflect  .   (no cloak)
rCorr    .         Harm     +   (no gloves)
MR       +....                  (no boots)
Stlth    ++........             g - amulet of harm
HPRegen  0.18/turn              e - ring of flight
MPRegen  0.15/turn              s - ring "Utzoipur" {*Drain +Fly rPois MR+ Dex+2}

@: no status effects
A: talons 1, rugged brown scales 2, demonic guardian 1
a: Renounce Religion, Evoke Flight


You were on level 5 of the Dungeon.
You worshipped Vehumet.
Vehumet was most pleased with you.
You were not hungry.

You visited 1 branch of the dungeon, and saw 5 of its levels.
You also visited: Sewer.

You collected 284 gold pieces.
You spent 178 gold pieces at shops.

Inventory:

Hand Weapons
 i - a +0 short sword of speed
 m - a +1 dagger of speed
 o - a +1 dagger of speed
 G - a cursed +4 halberd (weapon)
Armour
 a - a +0 robe (worn)
 y - a +0 helmet (worn)
Jewellery
 e - a ring of flight (left hand)
 g - an amulet of harm (around neck)
 s - the ring "Utzoipur" (right hand) {*Drain +Fly rPois MR+ Dex+2}
   (You bought it in a shop on level 4 of the Dungeon)

   [ring of flight]

   It affects your dexterity (+2).
   It protects you from poison.
   It affects your resistance to hostile enchantments.
   It lets you fly.
   It causes draining when unequipped.
Wands
 l - a wand of acid (4)
 r - a wand of polymorph (7)
Scrolls
 d - a scroll of enchant armour {unknown}
 f - 2 scrolls of enchant weapon
 j - 5 scrolls of teleportation
 n - 2 scrolls of random uselessness
 p - 3 scrolls of remove curse
 t - a scroll of fear
 v - a scroll of blinking {unknown}
 x - 4 scrolls of identify
 D - a scroll of immolation {unknown}
 F - a scroll of noise {unknown}
Potions
 h - a potion of lignification
 k - a potion of haste {unknown}
 q - 7 potions of heal wounds {unknown}
 u - 3 potions of brilliance {unknown}
 w - 2 potions of flight
 z - 2 potions of might {unknown}
 A - a potion of degeneration {unknown}
 B - 6 potions of curing {unknown}
 C - 2 potions of agility {unknown}
 E - 2 potions of magic
Comestibles
 b - 2 chunks of flesh
 c - 9 rations


   Skills:
 - Level 1.7 Dodging
 - Level 1.7 Stealth
 + Level 5.7 Spellcasting
 + Level 5.9 Conjurations
 + Level 6.1 Fire Magic


You had 2 spell levels left.
You knew the following spells:

 Your Spells              Type           Power        Failure   Level  Hunger
a - Flame Tongue          Conj/Fire      ####.        1%          1    None
b - Conjure Flame         Conj/Fire      ####....     1%          3    ##.....
c - Sticky Flame          Conj/Fire      ####....     2%          4    ####...
d - Fireball              Conj/Fire      ####......   7%          5    #####..
e - Mephitic Cloud        Conj/Pois/Air  ##......     4%          3    ##.....

Your spell library contained the following spells:

 Spells                   Type           Power        Failure   Level  Hunger
 Ignite Poison            Fire/Tmut/Pois ##......     4%          3    ##.....
 Throw Flame              Conj/Fire      ####..       1%          2    None
 Inner Flame              Hex/Fire       ###.....     2%          3    ##.....


Dungeon Overview and Level Annotations

Branches:
Dungeon (5/15)             Temple (0/1) D:5

Altars:
Gozag
Vehumet
Xom

Shops:
D:4 *


Innate Abilities, Weirdness & Mutations

You have sharp toenails.
You are mostly covered in rugged brown scales. (AC +2, +5% HP)
A weak demonic guardian rushes to your aid.


Message History

You don't have enough magic to cast that spell.
Unknown command.
Unknown command.
You closely miss the gnoll sergeant.
The gnoll sergeant is moderately wounded.
The gnoll sergeant hits you with a +0 trident!
* * * LOW HITPOINT WARNING * * *
Unknown command.
Unknown command.
Casting: Flame Tongue (safe; 1% risk of failure)
Confirm with . or Enter, or press ? or * to list all spells.
Aiming: Sticky Flame (safe; 2% risk of failure)
Press: ? - help, Shift-Dir - straight line, f/p - gnoll sergeant
Aim: a gnoll sergeant, wielding a +0 trident and wearing a +0 ring mail (lightly wounded)
The sticky flame hits the gnoll sergeant.
The gnoll sergeant is moderately wounded.
The gnoll sergeant is covered in liquid flames!
The gnoll sergeant burns!
The gnoll sergeant hits you with a +0 trident!
You die...

....###.......)....
...o##(.h..#.....#
.....##g...##...# ....
......#.##..##.# .....
#...g...##.....## .....
####.....(......####...g.
##............##.....
#.........<.g5.g..#
#............@†..#
#................##
..#..#............## .
............#.......##....
###......####.#........#
##.....#.#.....###.... #
..'.....>.......###.### ..
..'.....##...)....<# ..#
.'.....###..##.....#


You could see 2 gnoll sergeants, a gnoll shaman and a friendly white imp.

Vanquished Creatures
  A water moccasin (D:5)
  A wolf (D:5)
  A centaur (D:5)
  2 big kobolds (Sewer)
  A gnoll sergeant (D:5)
  3 wights (D:5)
  An orc priest (D:5)
  A gnoll shaman (D:5)
  4 hounds (D:5)
  A bullfrog skeleton (D:2)
  An orc wizard (D:3)
  15 gnolls
  3 river rats (Sewer)
  5 adders
  5 oozes
  An adder skeleton (D:4)
  2 worms
  2 dart slugs (D:1)
  2 leopard geckos
  11 orcs
  11 bats
  A giant cockroach (D:3)
  12 goblins
  7 hobgoblins
  8 jackals
  2 quokkas (D:2)
  7 ball pythons
  2 frilled lizards (D:2)
  17 kobolds
  A leopard gecko skeleton (D:5)
  30 rats
161 creatures vanquished.

Vanquished Creatures (collateral kills)
  A phantom (D:4)
  A big kobold (Sewer)
  A scorpion (D:4)
  A wight (D:5)
  A hound (D:5)
  A gnoll (D:4)
  3 orcs (D:5)
  A jackal (D:5)
  A bat (D:2)
  4 kobolds (Sewer)
15 creatures vanquished.

Vanquished Creatures (others)
  An orc (D:3)
  A bat (D:3)
2 creatures vanquished.

Grand Total: 178 creatures vanquished

Notes
Turn   | Place    | Note
-------+----------+-------------------------------------------
     0 | D:1      | Dfrag the Demonspawn Fire Elementalist began the quest for
                  | the Orb.
     0 | D:1      | Reached XP level 1. HP: 13/13 MP: 3/3
   132 | D:1      | Gained mutation: You are partially covered in rugged brown
                  | scales. (AC +1, +3% HP) [demonic ancestry]
   132 | D:1      | Reached XP level 2. HP: 9/19 MP: 1/5
   262 | D:1      | Reached skill level 3 in Fire Magic
   664 | D:2      | Gained mutation: A weak demonic guardian rushes to your
                  | aid. [demonic ancestry]
   664 | D:2      | Reached XP level 3. HP: 24/24 MP: 3/6
  1093 | D:2      | Reached XP level 4. HP: 27/30 MP: 2/8
  1721 | D:3      | Found an opulent altar of Gozag.
  1730 | D:3      | Found a radiant altar of Vehumet.
  1733 | D:3      | Became a worshipper of Vehumet
  1752 | D:3      | Reached XP level 5. HP: 32/36 MP: 3/9
  2552 | D:4      | Found Xogil's Assorted Antiques.
  2560 | D:4      | Bought a transparent glass ring for 90 gold pieces
  2560 | D:4      | Bought a scroll of identify for 36 gold pieces
  2560 | D:4      | Bought a scroll of identify for 36 gold pieces
  2560 | D:4      | Bought a metallic yellow potion for 16 gold pieces
  2561 | D:4      | Identified the ring "Utzoipur" {*Drain +Fly rPois MR+
                  | Dex+2} (You bought it in a shop on level 4 of the Dungeon)
  2744 | D:4      | Reached skill level 4 in Fire Magic
  2801 | D:4      | Learned a level 3 spell: Conjure Flame
  2806 | D:4      | Learned a level 4 spell: Sticky Flame
  2858 | D:4      | Found a shimmering altar of Xom.
  2913 | D:4      | Noticed a phantom
  2923 | D:4      | Killed a phantom
  2923 | D:4      | Gained mutation: You are mostly covered in rugged brown
                  | scales. (AC +2, +5% HP) [demonic ancestry]
  2923 | D:4      | Reached XP level 6. HP: 36/43 MP: 8/11
  2989 | D:5      | Entered Level 5 of the Dungeon
  3022 | D:5      | Found a staircase to the Ecumenical Temple.
  3068 | D:5      | HP: 2/43 [orc priest/divine providence (12)]
  3068 | D:5      | Reached * piety under Vehumet
  3068 | D:5      | Offered knowledge of Freeze by Vehumet.
  3210 | D:5      | Gained mutation: You have sharp toenails. [demonic
                  | ancestry]
  3210 | D:5      | Reached XP level 7. HP: 7/48 MP: 3/13
  3234 | D:5      | HP: 2/48 [ooze (3)]
  3339 | D:5      | Found a glowing drain.
  3350 | Sewer    | Entered a sewer
  3484 | Sewer    | Reached skill level 5 in Fire Magic
  3553 | Sewer    | Offered knowledge of Sting by Vehumet.
  3555 | Sewer    | Reached ** piety under Vehumet
  3847 | Sewer    | Reached skill level 5 in Spellcasting
  3847 | Sewer    | Reached skill level 5 in Conjurations
  3914 | Sewer    | Learned a level 5 spell: Fireball
  3949 | D:5      | Offered knowledge of Mephitic Cloud by Vehumet.
  3949 | D:5      | Reached XP level 8. HP: 30/54 MP: 7/15
  4066 | D:5      | Reached *** piety under Vehumet
  4143 | D:5      | Learned a level 3 spell: Mephitic Cloud
  4361 | D:5      | Reached skill level 6 in Fire Magic
  4367 | D:5      | Offered knowledge of Ignite Poison by Vehumet.
  4394 | D:5      | Slain by a gnoll sergeant

Levels and vault maps discovered:
D:1:      roderic_octagonal_star, layout_loops_ring, dk_noncrumbling_4
D:2:      wad_lake_hut, layout_rooms, serial_curves, eino_curves_01,
          eino_curves_01, grunt_ministairs_3, kennysheep_generic_room_7
D:3:      layout_basic, fiery_altar_vehumet, nicolae_gozag_seed_capital,
          hex_tiny, lemuel_statue_altar
D:4:      layout_rooms, lemuel_doored_altar, serial_shops,
          nicolae_shop_overgrown_old_shop, first_ration, sigmund_army
D:5:      layout_cave_pools, minmay_temple_entry_large_hall, serial_gnoll_camp,
          gnoll_camp_mini_hut, gnoll_camp_medium_02, gnoll_camp_huts_basic,
          gnoll_camp_mini_shop, gnoll_camp_mini_loothouse,
          cheibrodos_sewer_entry_sluice, kennysheep_minor_cross
Sewer:    sewer_minmay_treatment

Skill      XL: |  1  2  3  4  5  6  7  8 |
---------------+-------------------------+-----
Fire Magic     | 3 4 5 6 |  6.1
Conjurations   | 2 3 4 5 |  5.9
Spellcasting   | 3 4 5 |  5.7
Dodging        | |  1.7
Stealth        | |  1.7

Action                   |  1- 3 |  4- 6 |  7- 9 || total
-------------------------+-------+-------+-------++-------
Melee: Dagger            |    26 |    17 |    27 ||    70
       Unarmed           |     1 |       |       ||     1
       Kick              |       |       |    11 ||    11
       Halberd           |       |       |     6 ||     6
 Cast: Flame Tongue      |    62 |    90 |   129 ||   281
       Sticky Flame      |       |     1 |     4 ||     5
       Conjure Flame     |       |     1 |     1 ||     2
Evoke: Wand              |       |       |     2 ||     2
  Use: Scroll            |       |     8 |       ||     8
       Potion            |       |     2 |       ||     2
  Eat: Chunk             |     1 |     6 |     5 ||    12
Armor: Robe              |    19 |    12 |    32 ||    63
       Skin              |       |     5 |       ||     5
Dodge: Dodged            |    34 |    54 |    70 ||   158

Table legend:
 A = Non-vault XP
 B = Vault XP
 C = Vault XP percentage of total XP
 D = Non-vault monster count
 E = Vault monster count
 F = Vault count percentage of total count
                 A         B        C        D         E       F
            +---------+---------+-------+---------+---------+-------
      Total |    1014 |     951 |  48.4 |      96 |      80 |  45.5
            +---------+---------+-------+---------+---------+-------
        D:1 |      38 |       0 |   0.0 |      17 |       0 |   0.0
        D:2 |     112 |       6 |   5.1 |      31 |       4 |  11.4
        D:3 |      92 |       0 |   0.0 |      20 |       0 |   0.0
        D:4 |     182 |      36 |  16.5 |       7 |       3 |  30.0
        D:5 |     590 |     542 |  47.9 |      21 |      25 |  54.3
      Sewer |       0 |     367 | 100.0 |       0 |      48 | 100.0
            +---------+---------+-------+---------+---------+-------
